TOP OF THE 1ST |
Nevada Noise batting - Pitching for New Orleans Looters : RHP Brad Rowland
|
Pitching: RHP Brad Rowland
|
|
Batting: RHB Fernando Gálvez
|
0-0: Swinging Strike 0-1: Ball 1-1: Ball 2-1: Foul Ball, location: 2F 2-2: Ball 3-2: Strikes out swinging
|
Batting: RHB Bill Mark
|
0-0: Ball 1-0: Called Strike 1-1: Ground out 5-3 (Groundball, 56S)
|
Batting: LHB Greg Nelson
|
0-0: Fly out, F2 (Popup, 15S)
|
Top of the 1st over - 0 runs, 0 hits, 0 errors, 0 left on base; Nevada 0 - New Orleans 0 |
BOTTOM OF THE 1ST |
New Orleans Looters batting - Pitching for Nevada Noise : LHP Sloan Sanders
|
Pitching: LHP Sloan Sanders
|
|
Batting: LHB Miguel Colón
|
0-0: Called Strike 0-1: Swinging Strike 0-2: Strikes out looking
|
Batting: RHB Dan Banks
|
0-0: Ball 1-0: Foul Ball, location: 2F 1-1: Foul Ball, location: 2F 1-2: Ground out 4-3 (Groundball, 4S)
|
Batting: SHB Arturo Sánchez
|
0-0: Ball 1-0: Ball 2-0: Fly out, F9 (Flyball, 9S)
|
Bottom of the 1st over - 0 runs, 0 hits, 0 errors, 0 left on base; Nevada 0 - New Orleans 0 |
TOP OF THE 2ND |
Nevada Noise batting - Pitching for New Orleans Looters : RHP Brad Rowland
|
Batting: RHB José Aguilera
|
0-0: Called Strike 0-1: Ball 1-1: Ball 2-1: Foul Ball, location: 2F 2-2: Foul Ball, location: 2F 2-2: Foul Ball, location: 2F 2-2: Ball 3-2: DOUBLE (Groundball, 3L)
|
Batting: LHB Dave Reynolds
|
0-0: Called Strike 0-1: Ball 1-1: Foul Ball, location: 2F 1-2: Foul Ball, location: 2F 1-2: Ball 2-2: Fly out, F4 (Popup, 4MD)
|
Batting: RHB Iván Gonzáles
|
0-0: Called Strike José Aguilera steals 3rd base 0-1: Fly out, F9 (Flyball, 89S) Runner from 3rd tags up, SCORES, no throw
|
Batting: LHB Milton Watson
|
0-0: Ball 1-0: Ball 2-0: Foul Ball, location: 2F 2-1: Ball 3-1: Fly out, F7 (Flyball, 7LS)
|
Top of the 2nd over - 1 run, 1 hit, 0 errors, 0 left on base; Nevada 1 - New Orleans 0 |
BOTTOM OF THE 2ND |
New Orleans Looters batting - Pitching for Nevada Noise : LHP Sloan Sanders
|
Batting: SHB Oliver Deleón
|
0-0: Called Strike 0-1: SINGLE (Line Drive, 7LS)
|
Batting: LHB Taylor Smith
|
0-0: Called Strike 0-1: Ball 1-1: Foul Ball, location: 2F 1-2: Ball 2-2: Ball 3-2: Foul Ball, location: 2F 3-2: Foul Ball, location: 2F 3-2: Strikes out swinging
|
Batting: RHB Ramón Hernández
|
0-0: Called Strike 0-1: Foul Ball, location: 2F 0-2: Ball 1-2: Ball 2-2: Foul Ball, location: 2F 2-2: Fly out, F9 (Flyball, 89S)
|
Batting: RHB Tim Gardner
|
0-0: Called Strike 0-1: Fly out, F7 (Flyball, 7)
|
Bottom of the 2nd over - 0 runs, 1 hit, 0 errors, 1 left on base; Nevada 1 - New Orleans 0 |
TOP OF THE 3RD |
Nevada Noise batting - Pitching for New Orleans Looters : RHP Brad Rowland
|
Batting: SHB Nate Rhodes
|
0-0: Ball 1-0: Foul Ball, location: 2F 1-1: Swinging Strike 1-2: Foul Ball, location: 2F 1-2: Ball 2-2: Foul Ball, location: 2F 2-2: Foul Ball, location: 2F 2-2: Ball 3-2: Foul Ball, location: 2F 3-2: Foul Ball, location: 2F 3-2: Foul Ball, location: 2F 3-2: Foul Ball, location: 2F 3-2: Strikes out swinging
|
Batting: RHB Doug Brown
|
0-0: Ball 1-0: Fly out, F7 (Flyball, 7D)
|
Batting: RHB Fernando Gálvez
|
0-0: Fly out, F8 (Line Drive, 8LM)
|
Top of the 3rd over - 0 runs, 0 hits, 0 errors, 0 left on base; Nevada 1 - New Orleans 0 |
BOTTOM OF THE 3RD |
New Orleans Looters batting - Pitching for Nevada Noise : LHP Sloan Sanders
|
Batting: LHB John Hudson
|
0-0: Foul Ball, location: 2F 0-1: Ball 1-1: Called Strike 1-2: Strikes out swinging, 2-3 out at first.
|
Batting: RHB Run-ming Zhu
|
0-0: Ball 1-0: Ball 2-0: Foul Ball, location: 2F 2-1: Ball 3-1: Base on Balls
|
Batting: LHB Miguel Colón
|
0-0: Ball 1-0: Ball 2-0: Ball 3-0: Called Strike 3-1: SINGLE (Line Drive, 7S) Run-ming Zhu to second
|
Batting: RHB Dan Banks
|
0-0: Ball 1-0: SINGLE (Line Drive, 6D) Run-ming Zhu to third Miguel Colón to second
|
Batting: SHB Arturo Sánchez
|
0-0: Ball 1-0: Ball 2-0: Ball 3-0: Base on Balls Run-ming Zhu scores Miguel Colón to third Dan Banks to second
|
Batting: SHB Oliver Deleón
|
0-0: Fly out, F9 (Flyball, 9LSF) Runner from 3rd tags up, SCORES, no throw
|
Batting: LHB Taylor Smith
|
0-0: Called Strike 0-1: Foul Ball, location: 2F 0-2: Ball 1-2: Ball 2-2: Ball 3-2: Strikes out looking
|
Bottom of the 3rd over - 2 runs, 2 hits, 0 errors, 2 left on base; Nevada 1 - New Orleans 2 |
TOP OF THE 4TH |
Nevada Noise batting - Pitching for New Orleans Looters : RHP Brad Rowland
|
Batting: RHB Bill Mark
|
0-0: Foul Ball, location: 2F 0-1: Ball 1-1: Foul Ball, location: 2F 1-2: Ball 2-2: Strikes out looking
|
Batting: LHB Greg Nelson
|
0-0: Ball 1-0: Ball 2-0: Called Strike 2-1: Swinging Strike 2-2: Ball 3-2: Foul Ball, location: 2F 3-2: Base on Balls
|
Batting: RHB José Aguilera
|
0-0: Foul Ball, location: 2F 0-1: Foul Ball, location: 2F 0-2: Ball 1-2: SINGLE (Groundball, 56D) Greg Nelson to second
|
Batting: LHB Dave Reynolds
|
0-0: Fly out, F6 (Line Drive, 6M)
|
Batting: RHB Iván Gonzáles
|
0-0: Ball 1-0: Called Strike 1-1: Foul Ball, location: 2F 1-2: Strikes out swinging
|
Top of the 4th over - 0 runs, 1 hit, 0 errors, 2 left on base; Nevada 1 - New Orleans 2 |
BOTTOM OF THE 4TH |
New Orleans Looters batting - Pitching for Nevada Noise : LHP Sloan Sanders
|
Batting: RHB Ramón Hernández
|
0-0: Ball 1-0: Called Strike 1-1: Called Strike 1-2: Ball 2-2: Foul Ball, location: 2F 2-2: Ball 3-2: Foul Ball, location: 2F 3-2: DOUBLE (Line Drive, 7LM)
|
Batting: RHB Tim Gardner
|
0-0: Ball 1-0: Ball 2-0: Ball 3-0: Called Strike 3-1: Base on Balls
|
Batting: LHB John Hudson
|
0-0: Ball 1-0: Called Strike 1-1: Foul Ball, location: 2F 1-2: Fielders Choice at 2nd, 1-4 (Groundball, 15S) Ramón Hernández to third
|
Batting: RHB Run-ming Zhu
|
0-0: Ball 1-0: Fly out, F8 (Flyball, 8LM)
|
Batting: LHB Miguel Colón
|
0-0: Ball 1-0: Ball 2-0: Ball 3-0: Called Strike 3-1: Called Strike 3-2: Strikes out swinging
|
Bottom of the 4th over - 0 runs, 1 hit, 0 errors, 2 left on base; Nevada 1 - New Orleans 2 |
TOP OF THE 5TH |
Nevada Noise batting - Pitching for New Orleans Looters : RHP Brad Rowland
|
Batting: LHB Milton Watson
|
0-0: Ball 1-0: Foul Ball, location: 2F 1-1: Swinging Strike 1-2: Ball 2-2: Foul Ball, location: 2F 2-2: Ball 3-2: SINGLE (Flyball, 7LS)
|
Batting: SHB Nate Rhodes
|
0-0: Called Strike 0-1: Ball 1-1: Swinging Strike 1-2: Foul Ball, location: 2F 1-2: Strikes out swinging
|
Batting: RHB Doug Brown
|
0-0: Ball 1-0: Foul Ball, location: 2F 1-1: Ball 2-1: Called Strike 2-2: Grounds into double play, 6-4-3 (Groundball, 6)
|
Top of the 5th over - 0 runs, 1 hit, 0 errors, 0 left on base; Nevada 1 - New Orleans 2 |
BOTTOM OF THE 5TH |
New Orleans Looters batting - Pitching for Nevada Noise : LHP Sloan Sanders
|
Batting: RHB Dan Banks
|
0-0: Foul Ball, location: 2F 0-1: Foul Ball, location: 2F 0-2: SOLO HOME RUN (Line Drive, 7D), Distance : 386 ft
|
Batting: SHB Arturo Sánchez
|
0-0: Ball 1-0: Ball 2-0: SINGLE (Line Drive, 89S)
|
Batting: SHB Oliver Deleón
|
0-0: Ball 1-0: Ball 2-0: Called Strike 2-1: Ball 3-1: Grounds into double play, 4-6-3 (Groundball, 4)
|
Batting: LHB Taylor Smith
|
0-0: Swinging Strike 0-1: Foul Ball, location: 2F 0-2: Foul Ball, location: 2F 0-2: SINGLE (Flyball, 7LS)
|
Batting: RHB Ramón Hernández
|
0-0: Called Strike 0-1: Fly out, F5 (Line Drive, 56)
|
Bottom of the 5th over - 1 run, 3 hits, 0 errors, 1 left on base; Nevada 1 - New Orleans 3 |
TOP OF THE 6TH |
Nevada Noise batting - Pitching for New Orleans Looters : RHP Brad Rowland
|
Batting: RHB Fernando Gálvez
|
0-0: Swinging Strike 0-1: Foul Ball, location: 2F 0-2: Ball 1-2: Strikes out looking
|
Batting: RHB Bill Mark
|
0-0: Foul Ball, location: 2F 0-1: Foul Ball, location: 2F 0-2: Ball 1-2: Strikes out swinging
|
Batting: LHB Greg Nelson
|
0-0: Ball 1-0: Called Strike 1-1: Foul Ball, location: 2F 1-2: Strikes out looking
|
Top of the 6th over - 0 runs, 0 hits, 0 errors, 0 left on base; Nevada 1 - New Orleans 3 |
BOTTOM OF THE 6TH |
New Orleans Looters batting - Pitching for Nevada Noise : LHP Sloan Sanders
|
Batting: RHB Tim Gardner
|
0-0: Hit by Pitch
|
Batting: LHB John Hudson
|
0-0: Foul Ball, location: 2F 0-1: Ball 1-1: Grounds into double play, 4-6-3 (Groundball, 4)
|
Batting: RHB Run-ming Zhu
|
0-0: Ball 1-0: SOLO HOME RUN (Line Drive, 8LD), Distance : 417 ft
|
Batting: LHB Miguel Colón
|
0-0: Ball 1-0: Ball 2-0: Fly out, F8 (Line Drive, 8RXD)
|
Bottom of the 6th over - 1 run, 1 hit, 0 errors, 0 left on base; Nevada 1 - New Orleans 4 |
TOP OF THE 7TH |
Nevada Noise batting - Pitching for New Orleans Looters : RHP Brad Rowland
|
Batting: RHB José Aguilera
|
0-0: Foul Ball, location: 2F 0-1: Foul Ball, location: 2F 0-2: Fly out, F5 (Popup, 5)
|
Batting: LHB Dave Reynolds
|
0-0: Ball 1-0: Foul Ball, location: 2F 1-1: Foul Ball, location: 2F 1-2: Ball 2-2: Ball 3-2: Base on Balls
|
Pitching: RHP Ienobu Sato
|
|
Batting: RHB Iván Gonzáles
|
0-0: Ball Dave Reynolds is caught stealing 2nd base 1-0: Called Strike 1-1: Ball 2-1: Called Strike 2-2: Ground out 1-3 (Groundball, 13S)
|
Top of the 7th over - 0 runs, 0 hits, 0 errors, 0 left on base; Nevada 1 - New Orleans 4 |
BOTTOM OF THE 7TH |
New Orleans Looters batting - Pitching for Nevada Noise : LHP Sloan Sanders
|
Pitching: RHP Frank Martin
|
|
Batting: RHB Dan Banks
|
0-0: Ball 1-0: Ground out 4-3 (Groundball, 4S)
|
Batting: SHB Arturo Sánchez
|
0-0: Ball 1-0: Ball 2-0: Called Strike 2-1: SINGLE (Line Drive, 9LS)
|
Batting: SHB Oliver Deleón
|
0-0: Swinging Strike 0-1: Foul Ball, location: 2F 0-2: Ball Wild Pitch! Arturo Sánchez to second 1-2: Foul Ball, location: 2F 1-2: Ball 2-2: Foul Ball, location: 2F 2-2: Ground out 6-3 (Groundball, 6)
|
Batting: LHB Taylor Smith
|
0-0: Ground out 2-3 (Groundball, 15S)
|
Bottom of the 7th over - 0 runs, 1 hit, 0 errors, 1 left on base; Nevada 1 - New Orleans 4 |
TOP OF THE 8TH |
Nevada Noise batting - Pitching for New Orleans Looters : RHP Ienobu Sato
|
Batting: LHB Milton Watson
|
0-0: Swinging Strike 0-1: Ball 1-1: Fly out, F7 (Flyball, 78M)
|
Batting: SHB Nate Rhodes
|
0-0: Called Strike 0-1: Called Strike 0-2: Foul Ball, location: 2F 0-2: Ball 1-2: Fly out, F9 (Flyball, 9S)
|
Batting: RHB Doug Brown
|
0-0: Ball 1-0: Called Strike 1-1: Foul Ball, location: 2F 1-2: Ball 2-2: Ball 3-2: Strikes out looking
|
Top of the 8th over - 0 runs, 0 hits, 0 errors, 0 left on base; Nevada 1 - New Orleans 4 |
BOTTOM OF THE 8TH |
New Orleans Looters batting - Pitching for Nevada Noise : RHP Frank Martin
|
Batting: RHB Ramón Hernández
|
0-0: Called Strike 0-1: Ball 1-1: Fly out, F8 (Flyball, 8LM)
|
Batting: RHB Tim Gardner
|
0-0: Ground out 5-3 (Groundball, 56)
|
Batting: LHB John Hudson
|
0-0: Called Strike 0-1: Swinging Strike 0-2: Ball 1-2: Foul Ball, location: 2F 1-2: Strikes out swinging
|
Bottom of the 8th over - 0 runs, 0 hits, 0 errors, 0 left on base; Nevada 1 - New Orleans 4 |
TOP OF THE 9TH |
Nevada Noise batting - Pitching for New Orleans Looters : RHP Ienobu Sato
|
Pitching: LHP Juan Méndez
|
|
Batting: RHB Fernando Gálvez
|
0-0: Ball 1-0: Ball 2-0: Foul Ball, location: 2F 2-1: Ball 3-1: Base on Balls
|
Batting: RHB Bill Mark
|
0-0: Ball 1-0: Foul Ball, location: 2F 1-1: Fly out, F3 (Popup, 34S)
|
Batting: LHB Greg Nelson
|
0-0: Ball 1-0: Fly out, F8 (Flyball, 8LXD)
|
Batting: RHB José Aguilera
|
0-0: Called Strike 0-1: Ball 1-1: Called Strike 1-2: Foul Ball, location: 2F 1-2: Fielders Choice at 2nd, 6-4 (Groundball, 6)
|
Top of the 9th over - 0 runs, 0 hits, 0 errors, 1 left on base; Nevada 1 - New Orleans 4 |
|